 Dungeon Crawl Stone Soup version 0.31-a0-369-g8eba5f6939 (webtiles) character file.

Game seed: 8674209460988759578

10606 jasper the Nimble (level 11, -2/56 HPs)
             Began as a Spriggan Earth Elementalist on July 28, 2023.
             Was a High Priest of Sif Muna.
             Slain by a cane toad (20 damage)
             ... on level 1 of the Lair of Beasts.
             The game lasted 00:27:51 (9152 turns).

jasper the Nimble (Spriggan Earth Elementalist)     Turns: 9152, Time: 00:27:51

Health: -2/56      AC:  5    Str:  4    XL:     11   Next: 38%
Magic:  16/19      EV: 26    Int: 22    God:    Sif Muna [*****.]
Gold:   528        SH:  0    Dex: 24    Spells: 8/20 levels left

rFire   + . .        c - +1 short sword (venom)
rCold   + + .        (no shield)
rNeg    . . .        a - +1 robe
rPois   .            m - +2 hat of Prudence {Regen+ rCorr Dex+3}
rElec   .            o - scarf {rC+ rF+}
rCorr   +            (gloves unavailable)
SInv    +            (boots unavailable)
Will    +....        q - amulet of magic regeneration
Stlth   ++++         v - +6 ring of dexterity
HPRegen 1.09/turn    I - ring of protection from cold
MPRegen 0.56/turn

%: no passive effects
@: very quick
A: very small, no large weapons, unfitting armour, see invisible, speed 3
a: Renounce Religion, Channel Magic, Forget Spell, Divine Exegesis


You were on level 1 of the Lair of Beasts.
You worshipped Sif Muna.
Sif Muna was extremely pleased with you.
You visited 2 branches of the dungeon, and saw 11 of its levels.

You collected 528 gold pieces.

Inventory:

Hand Weapons
 c - a +1 short sword of venom (weapon)
 t - a +4 hand axe
 C - a +0 spectral quarterstaff
 K - a +2 scimitar of flaming
Missiles
 e - 85 stones
 k - 6 boomerangs
Armour
 a - a +1 robe (worn)
 m - the +2 hat of Prudence (worn) {Regen+ rCorr Dex+3}
   (You acquired it on level 7 of the Dungeon)

   Dex:       It affects your dexterity (+3).
   Regen:     It increases your rate of health regeneration.
   rCorr:     It protects you from acid and corrosion.
 n - the +0 pearl dragon scales of Imperfection {rN+ Will+ Int+3}
   (You acquired it on level 7 of the Dungeon)

   Int:       It affects your intelligence (+3).
   rN:        It protects you from negative energy.
   Will:      It increases your willpower.
 o - a scarf of resistance (worn)
 u - an orb of wrath
 E - a +0 cloak
Jewellery
 f - an amulet of faith
 q - an amulet of magic regeneration (around neck)
 v - a +6 ring of dexterity (left hand)
 I - a ring of protection from cold (right hand)
Wands
 d - a wand of quicksilver (6)
 J - a wand of mindburst (20)
 N - a wand of iceblast (1)
Scrolls
 j - 2 scrolls of poison
 l - 2 scrolls of noise
 s - 4 scrolls of blinking
 y - a scroll of brand weapon
 z - a scroll of fear
 B - a scroll of revelation
 D - a scroll of fog
Potions
 b - a potion of magic
 g - 2 potions of haste
 h - 2 potions of degeneration
 i - 4 potions of heal wounds
 p - a potion of resistance
 r - 3 potions of attraction
 w - 3 potions of curing
 x - 2 potions of berserk rage
 A - a potion of invisibility
 G - a potion of lignification
 H - a potion of might {unknown}
Miscellaneous
 F - a box of beasts


   Skills:
 - Level 5.7 Fighting
 - Level 9.5 Dodging
 - Level 7.5 Stealth
 - Level 5.0 Spellcasting
 - Level 5.0 Conjurations
 - Level 8.0 Hexes
 + Level 4.6 Summonings
 - Level 1.3 Transmutations
 - Level 3.3 Earth Magic
 - Level 6.7 Invocations
 - Level 6.2 Evocations


You had 8 spell levels left.
You knew the following spells:

 Your Spells              Type           Power      Damage    Failure   Level
a - Sandblast             Erth           40%        2d10      2%          1
b - Passwall              Tmut/Erth      12%        N/A       6%          2
d - Fulminant Prism       Conj/Hex       17%        3d10      7%          4
e - Summon Mana Viper     Hex/Summ       33%        N/A       22%         5

Your spell library contained the following spells:

 Spells                   Type           Power      Damage    Failure   Level
 Tukima's Dance           Hex            40%        N/A       1%          3
 Stone Arrow              Conj/Erth      46%        3d9       5%          3
 Volatile Blastmotes      Fire/Tloc      10%        2d10      30%         3
 Iskenderun's Mystic Bla  Conj/Tloc      16%        2d5       34%         4
 Petrify                  Tmut/Erth      15%        N/A       36%         4
 Yara's Violent Unravell  Hex/Tmut       13%        3d7       38%         5
 Passage of Golubria      Tloc           5%         N/A       69%         4
 Summon Forest            Summ/Tloc      7%         N/A       73%         5
 Summon Cactus Giant      Summ           12%        N/A       93%         6


Dungeon Overview and Level Annotations

Branches:
Dungeon (10/15)            Temple (0/1) D:7            Lair (1/5) D:9
    Orc: D:9-12

Altars:
Ashenzari
Cheibriados
Gozag
Makhleb
Okawaru
Sif Muna
Uskayaw
Xom

Annotations:
D:3 1 transporter, lessens's ghost, weakling DsFi
D:10 Maggie


Innate Abilities, Weirdness & Mutations

You are very small and have problems with some larger weapons.
You are too small for most types of armour.
You have supernaturally acute eyesight. (SInv)
You cover ground extremely quickly. (Speed+++)


Message History

Your fulminant prism explodes!
The blast of energy engulfs the rime drake!
The rime drake is almost dead.
The blast of energy engulfs the cane toad!!
The cane toad is heavily wounded.
You completely miss the rime drake.
The rime drake is almost dead.
The rime drake misses you.
You hit the rime drake but do no damage.
The rime drake is poisoned.
The rime drake is almost dead.
The rime drake breathes ice at you. The icy flash freeze hits you!
You partially resist.
You are encased in ice.
The rime drake misses you.
You take 16 damage, and have 31/56 hp.
MASSIVE DAMAGE!!
You puncture the rime drake!
You kill the rime drake!
Sif Muna accepts your kill. The cane toad barely misses you.
Aiming: Sandblast (safe; 2% risk of failure)
Press: ? - help, Q - select action, (/) - cycle Shift-Dir - straight line, f - cane toad
Aim: a cane toad (heavily wounded, 85% to hit)
The blast of sand hits the cane toad.
The cane toad is severely wounded.
The ice encasing you melts away. The cane toad misses you.
You regained 2 hp, and now have 34/56 hp.
Aiming: Sandblast (safe; 2% risk of failure)
Press: ? - help, Q - select action, (/) - cycle Shift-Dir - straight line, f/p - cane toad
Aim: a cane toad (severely wounded, 85% to hit)
The blast of sand misses the cane toad.
The cane toad completely misses you. x2
Aiming: Sandblast (safe; 2% risk of failure)
Press: ? - help, Q - select action, (/) - cycle Shift-Dir - straight line, f/p - cane toad
Aim: a cane toad (heavily wounded, 85% to hit)
The blast of sand hits the cane toad.
The cane toad is severely wounded.
The cane toad stings you!! x2
You die...

#P..#
#P.## ##.#
#.## #..#
######..#
##.##.#..#
#........#
#@.#######
# ##F##
#.# #..##
#....#..#
#.#..#.##
#.....#
#.#*#.#
..###.# ##
#.#


You could see a cane toad.

Vanquished Creatures
  A hydra (D:8)
  Erica (D:8)
  A two-headed ogre (D:9)
  A fire crab (D:9)
  2 cane toads (Lair:1)
  A rime drake (Lair:1)
  2 hornets (D:9)
  4 blink frogs (Lair:1)
  Sigmund (D:3)
  3 yaks (Lair:1)
  A basilisk (Lair:1)
  Grum (D:8)
  A wyvern (D:9)
  A steam dragon (D:7)
  An acid dragon (D:9)
  A water moccasin (D:7)
  2 orc warriors
  4 black bears
  A sky beast (D:8)
  2 ice beasts
  An ogre (D:6)
  9 wolves
  3 phantoms
  8 bullfrogs
  2 scorpions
  26 wights
  An electric eel (D:9)
  A crimson imp (D:10)
  6 hounds
  2 orc priests
  A gnoll bouda (D:7)
  Crazy Yiuf (D:6)
  4 jellies
  An iron imp (D:10)
  Ijyb (D:5)
  4 iguanas
  A sleepcap (D:5)
  10 orc wizards
  8 gnolls
  4 adders
  2 white imps
  3 ufetubi
  A worm (D:4)
  4 dart slugs
  31 orcs
  10 endoplasms
  4 giant cockroaches
  10 goblins
  4 hobgoblins
  13 jackals
  3 quokkas
  5 ball pythons
  2 bats
  2 frilled lizards
  10 kobolds
  2 rats
232 creatures vanquished.

Vanquished Creatures (others)
  93 fulminant prisms
93 creatures vanquished.

Grand Total: 325 creatures vanquished

Notes
Turn   | Place    | Note
-------+----------+-------------------------------------------
     0 | D:1      | jasper the Spriggan Earth Elementalist began the quest for
                  | the Orb.
     0 | D:1      | Reached XP level 1. HP: 9/9 MP: 5/5
   279 | D:1      | Reached XP level 2. HP: 13/13 MP: 5/7
   282 | D:1      | Learned a level 2 spell: Passwall
  1037 | D:1      | Reached XP level 3. HP: 16/16 MP: 6/8
  1333 | D:2      | Noticed a black bear
  1554 | D:2      | Reached skill level 5 in Stealth
  1620 | D:2      | Killed a black bear
  1621 | D:2      | Reached XP level 4. HP: 19/21 MP: 1/9
  1650 | D:2      | Learned a level 3 spell: Stone Arrow
  1808 | D:2      | Reached XP level 5. HP: 24/24 MP: 7/10
  2408 | D:3      | Reached skill level 1 in Evocations
  2753 | D:3      | Reached XP level 6. HP: 25/28 MP: 11/11
  2822 | D:3      | Found a transporter.
  2824 | D:3      | Noticed lessens's ghost (weakling DsFi)
  2873 | D:3      | Noticed Sigmund
  2875 | D:3      | Killed Sigmund
  2994 | D:3      | Found a faded altar of an unknown god.
  3136 | D:3      | Prayed at the altar of an unknown god.
  3136 | D:3      | Became a worshipper of Sif Muna the Loreminder
  3136 | D:3      | Reached * piety under Sif Muna
  3244 | D:4      | Learned a level 4 spell: Fulminant Prism
  3284 | D:4      | Reached skill level 1 in Hexes
  3402 | D:4      | Reached XP level 7. HP: 32/32 MP: 10/12
  3425 | D:4      | Reached skill level 1 in Conjurations
  3728 | D:4      | Found an opulent altar of Gozag.
  3768 | D:5      | Entered Level 5 of the Dungeon
  3768 | D:5      | Noticed Ijyb
  3873 | D:5      | Reached ** piety under Sif Muna
  4421 | D:6      | Reached skill level 5 in Hexes
  4421 | D:6      | Reached XP level 8. HP: 18/36 MP: 11/13
  4501 | D:6      | Found a runed translucent door.
  4502 | D:6      | Noticed Crazy Yiuf
  4971 | D:6      | Found a snail-covered altar of Cheibriados.
  5133 | D:6      | Killed Crazy Yiuf
  5228 | D:7      | Reached XP level 9. HP: 12/37 MP: 11/14
  5324 | D:7      | Found a staircase to the Ecumenical Temple.
  5363 | D:7      | Reached skill level 5 in Conjurations
  5363 | D:7      | Reached skill level 3 in Dodging
  5374 | D:7      | Reached *** piety under Sif Muna
  5385 | D:7      | Reached skill level 1 in Fighting
  5434 | D:7      | Reached skill level 1 in Invocations
  5492 | D:7      | Reached skill level 4 in Dodging
  5675 | D:7      | Found a hide-covered altar of Uskayaw.
  5792 | D:7      | Identified 2 scrolls of acquirement
  5792 | D:7      | Acquired the +2 hat of Prudence {Regen+ rCorr Dex+3}
  5799 | D:7      | Acquired the +0 pearl dragon scales of Imperfection {rN+
                  | Will+ Int+3}
  6217 | D:5      | Learned a level 5 spell: Summon Mana Viper
  6276 | D:5      | Killed Ijyb
  6643 | D:8      | Found a shimmering altar of Xom.
  6715 | D:8      | Reached skill level 5 in Dodging
  6753 | D:8      | Found a broken altar of Ashenzari.
  6856 | D:8      | Reached skill level 5 in Spellcasting
  6886 | D:8      | Noticed a five-headed hydra
  6925 | D:8      | Killed a five-headed hydra
  6926 | D:8      | Reached skill level 6 in Dodging
  6926 | D:8      | Reached XP level 10. HP: 49/49 MP: 8/18
  6937 | D:8      | Noticed Erica
  6955 | D:8      | Killed Erica
  6956 | D:8      | Reached skill level 7 in Dodging
  7066 | D:8      | Noticed Grum
  7069 | D:8      | Reached **** piety under Sif Muna
  7084 | D:8      | Killed Grum
  7473 | D:9      | Reached skill level 5 in Invocations
  7561 | D:9      | Reached skill level 8 in Dodging
  7631 | D:9      | Noticed a fire crab
  7679 | D:9      | Killed a fire crab
  7680 | D:9      | Reached skill level 5 in Fighting
  7746 | D:9      | Found a staircase to the Lair.
  7814 | D:9      | Found a burning altar of Makhleb.
  7844 | D:9      | Noticed a two-headed ogre
  7867 | D:9      | Killed a two-headed ogre
  7868 | D:9      | Reached skill level 9 in Dodging
  7922 | D:9      | Found an iron altar of Okawaru.
  8386 | D:10     | Entered Level 10 of the Dungeon
  8421 | D:10     | Noticed a smoke demon
  8609 | D:10     | Noticed Maggie
  8650 | Lair:1   | Entered Level 1 of the Lair of Beasts
  8659 | Lair:1   | Noticed a cane toad
  8670 | Lair:1   | Killed a cane toad
  8671 | Lair:1   | Reached XP level 11. HP: 56/56 MP: 15/19
  8771 | Lair:1   | Reached skill level 1 in Summonings
  9094 | Lair:1   | Reached ***** piety under Sif Muna
  9152 | Lair:1   | Slain by a cane toad

Illustrated notes

Levels and vault maps discovered:
D:1:      roderic_crop_circles_arrival_small, layout_loops_ring,
          palyth_stone_intersect
D:2:      layout_basic
D:3:      layout_basic, shapermc_ecumenical_altar_mp_vishouse,
          gammafunk_ghost_mausoleum, minivault_14, uniq_sigmund
D:4:      layout_rooms, kennysheep_mini_moat, minmay_between
D:5:      layout_loops_ring, uniq_ijyb
D:6:      layout_rooms, mainiacjoe_overflow_alcove_4, uniq_crazy_yiuf_cottage
D:7:      layout_rooms, eat_drink_and_be_merry_uskayaw,
          minmay_temple_entry_from_below_a
D:8:      layout_loops_ring, lemuel_crystal_altar,
          mainiacjoe_overflow_small_starburst, small_statue_intersection,
          uniq_maurice, uniq_erica, uniq_grum
D:9:      layout_irregular_city, kennysheep_okawaru_gauntlet,
          mainiacjoe_overflow_alcove_1, minmay_lair_entry_lava,
          nrook_pool_corridor
D:10:     layout_rooms, zin_treasury, orc_david_3,
          nicolae_demonic_statue_gallery, uniq_maggie, uniq_sonja
Lair:1:   layout_loops_ring

Skill      XL: |  1  2  3  4  5  6  7  8  9 10 11 |
---------------+----------------------------------+-----
Spellcasting   | 3 5 |  5.0
Earth Magic    | 3 |  3.3
Stealth        | 4 7 |  7.5
Evocations     | 4 6 |  6.2
Hexes          | 1 5 7 8 |  8.0
Conjurations   | 3 4 5 |  5.0
Dodging        | 6 9 |  9.5
Fighting       | 3 5 |  5.7
Invocations    | 3 6 |  6.7
Summonings     | 4 |  4.6
Transmutations | |  1.3

Action                     |  1- 3 |  4- 6 |  7- 9 | 10-12 || total
---------------------------+-------+-------+-------+-------++-------
  Melee: Unarmed           |     1 |       |       |       ||     1
         Short sword       |     4 |     5 |    21 |    72 ||   102
         Quarterstaff      |       |       |     4 |       ||     4
         Punch             |       |       |       |     1 ||     1
  Throw: Boomerang         |       |       |     5 |     1 ||     6
   Cast: Sandblast         |    52 |    64 |   196 |    29 ||   341
         Fulminant Prism   |       |       |    25 |    68 ||    93
  Evoke: Wand              |       |     5 |    11 |    10 ||    26
    Use: Scroll            |     5 |     3 |    12 |     6 ||    26
   Stab: Sleeping          |       |       |     1 |       ||     1
 Armour: Robe              |     4 |     3 |     8 |     5 ||    20
  Dodge: Dodged            |    16 |    21 |   126 |   126 ||   289

Table legend: (Time is in decaauts)
 A = Elapsed time spent in this place.
 B = Non-inter-level travel time spent in this place.
 C = Inter-level travel time spent in this place.
 D = Time resting spent in this place.
 E = Time spent auto-exploring this place.
 F = Levels seen in this place.
 G = Mean time per level.
                   A        B        C        D        E       F      G
               +--------+--------+--------+--------+--------+-----+--------+
         Total |   6864 |   6448 |    416 |    754 |   4000 |  11 |  624.0 |
       Dungeon |   6474 |   6058 |    416 |    711 |   3834 |  10 |  647.4 |
          Lair |    390 |    390 |      0 |     43 |    165 |   1 |  390.0 |
               +--------+--------+--------+--------+--------+-----+--------+

Top non-repeatable levels by time:
     D:1: 983 daAuts
     D:6: 961 daAuts
     D:9: 865 daAuts
     D:7: 770 daAuts
     D:2: 766 daAuts
     D:3: 594 daAuts
     D:8: 574 daAuts
     D:5: 517 daAuts
     D:4: 427 daAuts
  Lair:1: 390 daAuts
    D:10: 13 daAuts
